 Dungeon Crawl Stone Soup version bcrawl-1.12-5-g74a5124548 (webtiles) character file.

Game seed: 4963511686157635149

2 MisterOstroum the Sneak (level 1, -2/15 HPs)
             Began as a Demonspawn Archaeologist on June 1, 2019.
             Slain by a leopard gecko (5 damage)
             ... on level 1 of the Dungeon.
             The game lasted 00:00:36 (125 turns).

MisterOstroum the Sneak (Demonspawn Archaeologist)   Turns: 125, Time: 00:00:36

Health: -2/15      AC:  8    Str: 11    XL:     1   Next: 25%
Magic:  1/1        EV: 12    Int: 15    God:
Gold:   0          SH:  0    Dex: 11    Spells: 0/0 levels left

rFire    . . .     SeeInvis .   (no weapon)
rCold    . . .     Gourm    .   (no shield)
rNeg     . . .     Faith    .   a - +1 robe
rPois    .         Spirit   .   b - +1 hat
rElec    .         Reflect  .   (no cloak)
rCorr    .         Harm     .   d - +1 pair of gloves
MR       .....                  c - +1 pair of boots
Stlth    ++........             (no amulet)
HPRegen  0.05/turn              (no ring)
MPRegen  0.07/turn              (no ring)

@: no status effects
A: no striking features
a: no special abilities


You were on level 1 of the Dungeon.
You were not hungry.

You visited 1 branch of the dungeon, and saw 1 of its levels.

Inventory:

Armour
 a - a +1 robe (worn)
 b - a +1 hat (worn)
 c - a +1 pair of boots (worn)
 d - a +1 pair of gloves (worn)
 i - a +0 shield
Miscellaneous
 f - an ancient crate
 g - a dusty tome
Comestibles
 e - a ration {!d}
 h - a chunk of flesh


   Skills:
 + Level 1.3 Fighting
 - Level 2.6 Dodging
 - Level 3.0 Stealth


You couldn't memorise any spells.
You didn't know any spells.
Your spell library was empty.

Dungeon Overview and Level Annotations

Branches:
Dungeon (1/12)

Altars:


Message History

The leopard gecko hisses menacingly.
The leopard gecko barely misses you.
You enter the shallow water.
Moving in this stuff is going to be slow.
The leopard gecko bites you but does no damage.
The leopard gecko bites you but does no damage.
The leopard gecko barely misses you. The leopard gecko closely misses you.
There is an open door here.
You miss the leopard gecko. The leopard gecko barely misses you.
The leopard gecko completely misses you.
You hit the leopard gecko.
The leopard gecko is heavily wounded.
The leopard gecko bites you but does no damage.
You closely miss the leopard gecko.
The leopard gecko is heavily wounded.
The leopard gecko closely misses you.
You barely miss the leopard gecko.
The leopard gecko is heavily wounded.
The leopard gecko closely misses you.
You barely miss the leopard gecko.
The leopard gecko is heavily wounded.
The leopard gecko bites you.
You barely miss the leopard gecko.
The leopard gecko is heavily wounded.
The leopard gecko bites you but does no damage.
The leopard gecko closely misses you.
You barely miss the leopard gecko.
The leopard gecko is heavily wounded.
The leopard gecko barely misses you.
You barely miss the leopard gecko.
The leopard gecko is heavily wounded.
The leopard gecko barely misses you.
You hit the leopard gecko but do no damage.
The leopard gecko is moderately wounded.
The leopard gecko closely misses you.
You barely miss the leopard gecko.
The leopard gecko is moderately wounded.
The leopard gecko closely misses you.
You miss the leopard gecko.
The leopard gecko is moderately wounded.
The leopard gecko bites you but does no damage. x2
You hit the leopard gecko but do no damage.
The leopard gecko is moderately wounded.
The leopard gecko barely misses you.
You hit the leopard gecko.
The leopard gecko is heavily wounded.
The leopard gecko barely misses you.
You hit the leopard gecko but do no damage.
The leopard gecko is heavily wounded.
The leopard gecko completely misses you.
You closely miss the leopard gecko.
The leopard gecko is heavily wounded.
The leopard gecko bites you but does no damage.
You miss the leopard gecko.
The leopard gecko is heavily wounded.
The leopard gecko misses you. The leopard gecko closely misses you.
You barely miss the leopard gecko.
The leopard gecko is heavily wounded.
The leopard gecko barely misses you.
You completely miss the leopard gecko.
The leopard gecko is heavily wounded.
The leopard gecko bites you but does no damage.
You barely miss the leopard gecko.
The leopard gecko is heavily wounded.
The leopard gecko bites you.
You closely miss the leopard gecko.
The leopard gecko is heavily wounded.
The leopard gecko closely misses you.
You closely miss the leopard gecko.
The leopard gecko is heavily wounded.
The leopard gecko bites you. The leopard gecko misses you.
You hit the leopard gecko.
The leopard gecko is severely wounded.
The leopard gecko bites you.
* * * LOW HITPOINT WARNING * * *
You barely miss the leopard gecko.
The leopard gecko is severely wounded.
The leopard gecko barely misses you.
You hit the leopard gecko but do no damage.
The leopard gecko is severely wounded.
The leopard gecko bites you but does no damage.
You closely miss the leopard gecko.
The leopard gecko is severely wounded.
The leopard gecko barely misses you.
You hit the leopard gecko but do no damage.
The leopard gecko is severely wounded.
The leopard gecko bites you.
* * * LOW HITPOINT WARNING * * *
The leopard gecko closely misses you.
You closely miss the leopard gecko.
The leopard gecko is severely wounded.
The leopard gecko bites you but does no damage.
You closely miss the leopard gecko.
The leopard gecko is severely wounded.
The leopard gecko barely misses you.
You hit the leopard gecko but do no damage.
The leopard gecko is severely wounded.
The leopard gecko bites you.
You die...

#. #.....#
(##.#####.....#
........÷.....#
#.............#
#..##≈≈≈≈≈##......
#P≈≈≈♣##..####
###♣≈♣# ####
#.##≈##.#
#<@lg...#
#.##≈##.# ###♣≈P#
# ≈≈≈♣ ≈≈≈≈ ......
......# ########


You could see a leopard gecko and a goblin.

Vanquished Creatures
  A hobgoblin (D:1)
  A rat (D:1)
2 creatures vanquished.

Notes
Turn   | Place    | Note
-------+----------+-------------------------------------------
     0 | D:1      | MisterOstroum the Demonspawn Archaeologist began the quest
                  | for the Orb.
     0 | D:1      | Reached XP level 1. HP: 15/15 MP: 1/1
   125 | D:1      | Slain by a leopard gecko

Action                   || total
-------------------------++-------
Melee: Unarmed           ||    41
Armor: Robe              ||    17
Dodge: Dodged            ||    33
